 Dungeon Crawl Stone Soup version 0.13-a0-2979-gb6a86b3 (webtiles) character file.

412 PolkaDot the Ruinous (level 6, -1/39 HPs)
             Began as a Vampire Wizard on Sept 7, 2013.
             Succumbed to poison (a potion of poison)
             ... on Level 4 of the Dungeon.
             The game lasted 00:18:05 (3071 turns).

PolkaDot the Ruinous (Vampire Wizard)               Turns: 3071, Time: 00:18:05

HP  -1/39        AC  7     Str  6      XL: 6   Next: 26%
MP  15/15        EV 12     Int 22      God:
Gold 81          SH  2     Dex 14      Spells:  3 memorised,  4 levels left

Res.Fire  : + . .   See Invis. : +   r - +1 dagger (speed)
Res.Cold  : + . .   Warding    : .   a - +0 robe
Life Prot.: . . .   Conserve   : .   (no shield)
Res.Poison: .       Res.Corr.  : .   b - +0 wizard hat
Res.Elec. : .       Clarity    : .   i - +1 cloak
Sust.Abil.: . .     Spirit.Shd : .   (no gloves)
Res.Mut.  : .       Stasis     : .   d - +0 pair of boots
Res.Rott. : .       Flight     : .   (no amulet)
Saprovore : . . .                    (no ring)
                                     g - ring of protection from cold {unknown}

@: regenerating quickly, very poisoned, slightly resistant to hostile
enchantments, quite stealthy
A: bottle blood, fangs 3, see invisible, fire resistance 1, unbreathing, AC +2,
SH +2, Dex +2
a: Bottle Blood


You were on level 4 of the Dungeon.
You were very full.

You visited 1 branch of the dungeon, and saw 4 of its levels.

You collected 61 gold pieces.

Inventory:

Hand weapons
 j - a +2,+2 quarterstaff of chaos
 r - a +1,+1 dagger of speed (weapon)
Armour
 a - a +0 robe (worn)
 b - a +0 wizard hat (worn)
 d - a +0 pair of boots (worn)
 i - a +1 cloak (worn)
Magical devices
 p - a wand of slowing (3) {unknown}
Scrolls
 e - a scroll of remove curse {unknown}
 f - 2 scrolls of identify {unknown}
 k - a scroll of curse jewellery {unknown}
 l - a scroll of enchant weapon II {unknown}
 m - a scroll of teleportation {unknown}
 n - a scroll of blinking {unknown}
 o - a scroll of noise {unknown}
 q - a scroll of recharging {unknown}
Jewellery
 g - a ring of protection from cold (left hand) {unknown}
Potions
 h - a potion of heal wounds
 s - a potion of poison
Books
 c - a book of Minor Magic

   Spells                             Type                      Level
   *Magic Dart                        Conjuration                  1
   Blink                              Translocation                2
   Call Imp                           Summoning                    2
   Repel Missiles                     Charms/Air                   2
   Slow                               Hexes                        2
   *Conjure Flame                     Conjuration/Fire             3
   *Mephitic Cloud                    Conjuration/Poison/Air       3


   Skills:
 - Level 2.2 Dodging
 - Level 3.0 Stealth
 - Level 3.0 Spellcasting
 * Level 4.8 Conjurations
   Level 1.0 Summonings
   Level 0.7 Translocations


You had 4 spell levels left.
You knew the following spells:

 Your Spells              Type           Power        Failure   Level  Hunger
a - Magic Dart            Conj           ###.         1%          1    None
d - Mephitic Cloud        Conj/Pois/Air  ##......     21%         3    ###....
s - Conjure Flame         Conj/Fire      ##......     14%         3    ###....


Dungeon Overview and Level Annotations

Branches:
Dungeon (4/27)
 Temple: D:4-7

Altars:
Nemelex Xobeh
the Shining One


Innate Abilities, Weirdness & Mutations

Your natural rate of healing is unusually fast.
You can bottle blood from corpses.
You have razor-sharp teeth.*
You have supernaturally acute eyesight.
You can survive without breathing.*
You are partially covered in large bone plates (AC +2, SH +2).*
You have a somewhat thin skeletal structure (Dex +2, Stlth).
Your flesh is heat resistant.*+


Message History

* * * LOW HITPOINT WARNING * * *
You feel sick.
You start resting.
* * * LOW HITPOINT WARNING * * *
You feel sick.
You start resting.
* * * LOW HITPOINT WARNING * * *
You feel sick.
You feel a little better.
You start resting.
* * * LOW HITPOINT WARNING * * *
You feel sick.
You start resting.
* * * LOW HITPOINT WARNING * * *
You feel sick.
You start resting.
* * * LOW HITPOINT WARNING * * *
You feel very sick.
You start resting.
You die...

#### ###.#.##.....
..# #........... #.#
##.######## #)# #.# .
#.# #.# ... #.# ##.#
....##.# ##..#
.......#######...####
..............⌠.@...+
...##########.._.####
#. #.⌠.⌠# # #.####
#.# #.# #.# #.# #.#


There were no monsters in sight!

Vanquished Creatures
  A centaur (D:3)
  An orc priest (D:3)
  A jelly (D:3)
  Crazy Yiuf (D:3)
  2 orc wizards (D:3)
  A worker ant (D:4)
  Terence (D:3)
  An adder (D:2)
  An inept feature mimic (D:3)
  A worm (D:3)
  2 giant geckos
  An ooze (D:2)
  7 orcs (D:3)
  4 bats
  8 giant cockroaches
  7 goblins
  6 hobgoblins
  3 ball pythons
  13 giant newts
  9 kobolds
  4 rats
75 creatures vanquished.

Notes
Turn   | Place    | Note
--------------------------------------------------------------
     0 | D:1      | PolkaDot, the Vampire Wizard, began the quest for the Orb.
     0 | D:1      | Reached XP level 1. HP: 11/11 MP: 6/6
    60 | D:1      | Reached skill level 1 in Conjurations
    76 | D:1      | Reached XP level 2. HP: 3/17 MP: 4/8
   781 | D:2      | Reached XP level 3. HP: 22/22 MP: 0/10
  1699 | D:3      | Reached XP level 4. HP: 28/28 MP: 6/12
  1702 | D:3      | Noticed a centaur
  1749 | D:3      | Learned a level 3 spell: Conjure Flame
  1753 | D:3      | Learned a level 3 spell: Mephitic Cloud
  1781 | D:3      | Killed a centaur
  1908 | D:3      | Reached XP level 5. HP: 23/33 MP: 10/13
  1940 | D:3      | Found a glowing golden altar of the Shining One.
  1942 | D:3      | Noticed an angel
  2221 | D:3      | Reached skill level 4 in Conjurations
  2410 | D:3      | Noticed Crazy Yiuf
  2424 | D:3      | Killed Crazy Yiuf
  2424 | D:3      | Reached XP level 6. HP: 39/39 MP: 11/15
  2602 | D:3      | Noticed Terence
  2628 | D:3      | Killed Terence
  2992 | D:4      | Found a sparkling altar of Nemelex Xobeh.
  3057 | D:4      | Gained mutation: You are partially covered in large bone plates (AC +2, SH +2). [potion of mutation]
  3057 | D:4      | Gained mutation: You have a somewhat thin skeletal structure (Dex +2, Stlth). [potion of mutation]
  3057 | D:4      | Gained mutation: Your flesh is heat resistant. [potion of mutation]
  3071 | D:4      | Succumbed to poison (a potion of poison)

Action                   |  1- 3 |  4- 6 || total
-------------------------+-------+-------++-------
Melee: Unarmed           |    62 |     6 ||    68
       Dagger            |       |    45 ||    45
 Cast: Magic Dart        |    86 |    84 ||   170
       Mephitic Cloud    |       |     5 ||     5
  Use: Potion            |     1 |     4 ||     5
 Stab: Confused          |       |     4 ||     4
